 Dungeon Crawl Stone Soup version 0.23.0-3-gf3c87f2 (webtiles) character file.

Game seed: 12191398738648941700

19611 misha the Impaler (level 12, 0/103 HPs)
             Began as a Merfolk Berserker on Feb 23, 2019.
             Was a High Priest of Trog.
             Succumbed to a soldier ant's poison
             ... on level 12 of the Dungeon on Feb 24, 2019.
             The game lasted 02:24:43 (21854 turns).

misha the Impaler (Merfolk Berserker)              Turns: 21854, Time: 02:24:45

Health: 0/103      AC: 16    Str: 25    XL:     12   Next: 70%
Magic:  15/15      EV: 10    Int:  6    God:    Trog [*****.]
Gold:   1625       SH:  9    Dex: 13    Spells: 11/11 levels left

rFire    + . .     SeeInvis .   a - +4 trident
rCold    . . .     Gourm    .   G - +3 buckler
rNeg     . . .     Faith    .   g - +2 plate armour {rF+}
rPois    .         Spirit   .   k - +2 helmet
rElec    .         Reflect  .   (no cloak)
rCorr    .         Harm     .   (no gloves)
MR       .....                  e - +0 pair of boots
Stlth    ..........             (no amulet)
HPRegen  0.27/turn              Q - ring of attention (curse)
MPRegen  0.14/turn              w - +2 ring of strength

@: lethally poisoned (0 -> -41), berserk cooldown, slowed, very slow
A: change form in water, swift swim, stealthy swim
a: Berserk, Trog's Hand, Brothers in Arms, Renounce Religion


You were on level 12 of the Dungeon.
You worshipped Trog.
Trog was extremely pleased with you.
You were near starving.

You visited 3 branches of the dungeon, and saw 14 of its levels.
You also visited: Bailey.

You collected 1625 gold pieces.

Inventory:

Hand Weapons
 a - a +4 trident (weapon)
 b - the +6 hunting sling of Pintoob {venom, +Inv rN++ Int-4 Dex+2}
   (You found it on level 9 of the Dungeon)

   It poisons the ammo it fires.
   It affects your intelligence (-4).
   It affects your dexterity (+2).
   It greatly protects you from negative energy.
   It lets you turn invisible.
Missiles
 d - 14 tomahawks (quivered)
 l - 62 bolts
 m - 489 stones
 n - 2 needles of sleeping
 y - 25 poisoned needles
 z - 95 sling bullets
 A - 171 arrows
 K - 7 throwing nets
 V - 5 javelins
Armour
 e - a +0 pair of boots (worn)
 g - a +2 plate armour of fire resistance (worn)
 k - a +2 helmet (worn)
 G - a +3 buckler (worn)
 N - the +3 scale mail "Moll" {rF++ MR- rCorr SInv}
   (You found it on level 5 of the Dungeon)

   It greatly protects you from fire.
   It affects your resistance to hostile enchantments.
   It lets you see invisible.
   It provides partial protection from all sources of acid and corrosion.
Jewellery
 j - an uncursed ring of protection from magic
 w - a +2 ring of strength (right hand)
 Q - a cursed ring of attention (left hand)
 T - an uncursed ring of magical power {unknown}
 Z - a +3 ring of intelligence
Wands
 h - a wand of paralysis (11)
 B - a wand of flame (24)
 R - a wand of iceblast (5)
 W - a wand of polymorph (3)
 X - a wand of disintegration (8)
 Y - a wand of acid (1)
Scrolls
 i - 12 scrolls of remove curse
 o - a scroll of enchant weapon
 p - a scroll of holy word {unknown}
 t - 3 scrolls of fear
 u - a scroll of noise {unknown}
 x - a scroll of magic mapping
 D - 2 scrolls of fog
 H - 3 scrolls of enchant armour
 I - 5 scrolls of identify
 J - a scroll of teleportation
 S - a scroll of immolation {unknown}
 U - a scroll of blinking
Potions
 f - 3 potions of might
 q - a potion of lignification
 r - 6 potions of curing
 s - 2 potions of berserk rage
 v - a potion of heal wounds
 C - 2 potions of agility
 E - 2 potions of cancellation
 F - 2 potions of experience
 L - 2 potions of degeneration
 M - a potion of mutation {unknown}
 O - 4 potions of brilliance {unknown}
 P - a potion of haste
Comestibles
 c - 10 rations


   Skills:
 + Level 12.9 Fighting
 * Level 17.5 Polearms
 - Level 1.4 Armour
 + Level 7.9 Dodging
 + Level 8.1 Shields
 + Level 4.8 Evocations


You had 11 spell levels left.
You didn't know any spells.
Your spell library contained the following spells:

 Spells                   Type           Power        Failure   Level  Hunger
 Sandblast                Erth           #.....       100%        1    ##.....
 Passwall                 Tmut/Erth      #.......     100%        2    ###....
 Stone Arrow              Conj/Erth      #.....       100%        3    ####...
 Petrify                  Tmut/Erth      #.......     100%        4    #####..
 Lee's Rapid Deconstruct  Erth           #.........   100%        5    ######.


Dungeon Overview and Level Annotations

Branches:
Dungeon (12/15)            Temple (1/1) D:6            Lair (1/6) D:11
    Orc (0/2) D:11

Altars:
Cheibriados
Gozag
Hepliaklqana
Kikubaaqudgha
Makhleb
Okawaru
Ru
Sif Muna
Vehumet
Xom
Zin

Shops:
D:7 !   D:8 (

Annotations:
D:7 2 transporters, bmj180's ghost, novice HaFi


Message History

* * * LOW HITPOINT WARNING * * *
You feel very sick. You block the hornet's attack.
A black bear comes into view.
* * * LOW HITPOINT WARNING * * *
You feel very sick.
The black bear growls angrily.
You hit the hornet.
The hornet is almost dead.
* * * LOW HITPOINT WARNING * * *
You feel sick. The hornet misses you.
You impale the hornet!!
You kill the hornet!
Trog accepts your kill.
* * * LOW HITPOINT WARNING * * *
You feel very sick.
You are no longer berserk.
You are exhausted.
You feel as though you will be slow longer.
You die...

#####...##. #.
##..##. #.
#####.##. #.
### #....#...
#h
#.#########.###
#. ##.##.#
##### #.
#....#†# #...
#.###..##.#a#
##.# #..@a..#
#.#.#####.#
######)#
####.....# #.#
#..#.#... #.#
#........ #.#
##.#.#... #.#
#......# #.#
###[##.# #.#
#.##.. #.#
#.....


You could see a soldier ant.

Vanquished Creatures
  A hydra (D:11)
  Erica (D:7)
  3 two-headed ogres
  Pikel (D:7)
  An ugly thing (D:12)
  A cyclops (D:11)
  A black mamba (Lair:1)
  Joseph (D:9)
  2 gargoyles (D:12)
  A centaur skeleton (D:10)
  A troll (D:9)
  4 hornets
  Prince Ribbit (Temple)
  Grinder (D:5)
  4 slime creatures (D:12)
  7 hippogriffs
  7 yaks
  Eustachio (D:3)
  A wraith (D:11)
  3 hungry ghosts
  2 wargs (D:11)
  A water moccasin (D:9)
  Duvessa (D:5)
  A porcupine (Lair:1)
  4 orc warriors
  An ice beast (D:6)
  A black bear (D:9)
  3 slaves (D:7)
  A necrophage (D:5)
  3 phantoms
  9 ogres
  4 centaurs
  4 big kobolds
  5 bullfrogs
  7 gnoll sergeants
  Dowan (D:5)
  6 scorpions
  A wyvern skeleton (D:9)
  21 killer bees
  14 wights
  3 howler monkeys
  3 crimson imps
  A centaur zombie (D:7)
  A quasit (D:10)
  3 bullfrog zombies
  5 gnoll shamans (Bailey)
  8 orc priests
  4 hounds
  2 jellies (D:10)
  13 orc wizards
  3 bullfrog skeletons
  6 iguanas
  7 worker ants
  2 hound zombies
  2 hound skeletons
  Robin (D:3)
  A howler monkey skeleton (D:11)
  A worker ant zombie (D:6)
  23 gnolls
  19 adders
  4 shadow imps
  2 oozes
  3 adder zombies
  An adder skeleton (D:4)
  4 worms
  4 dart slugs
  6 leopard geckos
  41 orcs
  5 bats (D:1)
  2 giant cockroaches
  16 goblins
  12 hobgoblins
  9 jackals
  23 kobolds
  4 quokkas
  A ball python skeleton (D:4)
  4 frilled lizards
  2 quokka skeletons
  A quokka zombie (D:7)
  7 rats
  11 plants (D:3)
403 creatures vanquished.

Vanquished Creatures (collateral kills)
  A manticore (D:12)
  A soldier ant (D:12)
  2 gnoll sergeants (Bailey)
  A gnoll shaman (Bailey)
  2 gnolls (Bailey)
7 creatures vanquished.

Grand Total: 410 creatures vanquished

Notes
Turn   | Place    | Note
-------+----------+-------------------------------------------
     0 | D:1      | misha the Merfolk Berserker began the quest for the Orb.
     0 | D:1      | Reached XP level 1. HP: 18/18 MP: 1/1
   162 | D:1      | Reached XP level 2. HP: 15/24 MP: 2/2
   617 | D:1      | Reached skill level 5 in Polearms
   959 | D:1      | Reached XP level 3. HP: 30/30 MP: 3/3
  1295 | D:2      | Found a snail-covered altar of Cheibriados.
  2317 | D:2      | Reached XP level 4. HP: 38/38 MP: 4/4
  2365 | D:2      | Reached ** piety under Trog
  2370 | D:2      | Reached skill level 6 in Polearms
  3028 | D:3      | Noticed Robin
  3083 | D:3      | Killed Robin
  3194 | D:3      | Reached XP level 5. HP: 43/43 MP: 5/5
  3197 | D:3      | Reached skill level 5 in Fighting
  4194 | D:4      | Noticed Eustachio
  4369 | D:4      | Reached skill level 7 in Polearms
  4624 | D:4      | Reached XP level 6. HP: 51/51 MP: 6/6
  5001 | D:4      | Reached *** piety under Trog
  5213 | D:4      | Reached skill level 1 in Shields
  5593 | D:3      | Killed Eustachio
  5593 | D:3      | Reached skill level 8 in Polearms
  5593 | D:3      | Reached XP level 7. HP: 58/58 MP: 7/7
  5676 | D:5      | Entered Level 5 of the Dungeon
  5697 | D:5      | Noticed Dowan
  6148 | D:5      | Reached skill level 9 in Polearms
  6188 | D:5      | Got a turquoise-encrusted scale mail
  6189 | D:5      | Identified the +3 scale mail "Moll" {rF++ MR- rCorr SInv}
                  | (You found it on level 5 of the Dungeon)
  6223 | D:5      | Noticed Grinder
  6254 | D:5      | Killed Grinder
  6254 | D:5      | Reached XP level 8. HP: 42/67 MP: 8/8
  6618 | D:5      | Noticed Duvessa
  6635 | D:5      | Killed Duvessa
  6641 | D:5      | Killed Dowan
  6676 | D:5      | Reached skill level 10 in Polearms
  7040 | D:6      | Found a staircase to the Ecumenical Temple.
  7095 | D:6      | Noticed Prince Ribbit
  7105 | Temple   | Entered the Ecumenical Temple
  7185 | Temple   | Killed Prince Ribbit
  7185 | Temple   | Reached XP level 9. HP: 56/75 MP: 9/9
  7395 | Temple   | Reached skill level 5 in Shields
  7605 | Temple   | Reached **** piety under Trog
  7605 | Temple   | Reached skill level 11 in Polearms
  8480 | D:7      | Found a flagged portal.
  8502 | Bailey   | Entered a bailey
  9678 | Bailey   | Reached skill level 12 in Polearms
 10910 | D:7      | Found a transporter.
 10910 | D:7      | Noticed bmj180's ghost (novice HaFi)
 10929 | D:7      | Noticed a moth of wrath
 10939 | D:7      | Found a transporter.
 10948 | D:7      | Reached skill level 10 in Fighting
 10977 | D:7      | Reached XP level 10. HP: 61/85 MP: 10/10
 11174 | D:7      | Reached skill level 13 in Polearms
 11325 | D:7      | Noticed Pikel
 11396 | D:7      | Killed Pikel
 11989 | D:7      | Found Lyirown's Distillery.
 12225 | D:8      | Reached ***** piety under Trog
 12236 | D:8      | Noticed a two-headed ogre
 12306 | D:8      | Noticed Erica
 12328 | D:7      | Killed Erica
 12328 | D:7      | Reached skill level 14 in Polearms
 12554 | D:8      | You fall through a shaft!
 13273 | D:8      | Found Teus's Weapon Shop.
 13797 | D:8      | Killed a two-headed ogre
 13797 | D:8      | Reached skill level 15 in Polearms
 13797 | D:8      | Reached XP level 11. HP: 95/95 MP: 11/11
 14522 | D:9      | Noticed a two-headed ogre
 14529 | D:9      | Killed a two-headed ogre
 14542 | D:9      | Got an ichor-stained hunting sling
 14604 | D:9      | Noticed Joseph
 14673 | D:9      | Reached skill level 1 in Evocations
 14883 | D:9      | Killed Joseph
 15252 | D:9      | Reached skill level 5 in Dodging
 16184 | D:9      | Noticed a two-headed ogre
 16264 | D:9      | Killed a two-headed ogre
 16514 | D:10     | Entered Level 10 of the Dungeon
 16572 | D:10     | Received a gift from Trog
 16641 | D:10     | Reached skill level 16 in Polearms
 18145 | D:11     | Reached ****** piety under Trog
 18178 | D:11     | Reached XP level 12. HP: 75/103 MP: 14/14
 18367 | D:11     | Found a staircase to the Lair.
 18386 | Lair:1   | Entered Level 1 of the Lair of Beasts
 18880 | D:11     | Received a gift from Trog
 20009 | D:11     | Found a staircase to the Orcish Mines.
 20025 | D:11     | Noticed a five-headed hydra
 20041 | D:11     | Killed a five-headed hydra
 20041 | D:11     | Reached skill level 17 in Polearms
 21607 | D:12     | Identified the +6 hunting sling of Pintoob {venom, +Inv
                  | rN++ Int-4 Dex+2} (You found it on level 9 of the Dungeon)
 21831 | D:12     | Paralysed by a hornet for 2 turns
 21839 | D:12     | Paralysed by a hornet for 2 turns
 21852 | D:12     | HP: 7/154 [poisoned by a soldier ant]
 21854 | D:12     | Succumbed to a soldier ant's poison

Skill      XL: |  1  2  3  4  5  6  7  8  9 10 11 12 |
---------------+-------------------------------------+-----
Polearms       | 5 6 7 8 9 10 12 15 16 17 | 17.5
Fighting       | 4 5 6 7 8 10 11 12 | 12.9
Shields        | 2 3 4 5 6 7 8 |  8.1
Dodging        | 4 6 7 |  7.9
Evocations     | 3 4 |  4.8
Armour         | |  1.4

Action                   |  1- 3 |  4- 6 |  7- 9 | 10-12 || total
-------------------------+-------+-------+-------+-------++-------
Melee: Spear             |    12 |   154 |   757 |   706 ||  1629
       Hand axe          |    91 |   317 |       |       ||   408
       Tailslap          |       |    50 |    12 |       ||    62
       Dagger            |       |       |     7 |   112 ||   119
       Trident           |       |       |       |   476 ||   476
Throw: Tomahawk          |       |       |     5 |     3 ||     8
Invok: Berserk           |     1 |     3 |     8 |    11 ||    23
       Trog's Hand       |       |     2 |       |       ||     2
       Brothers in Arms  |       |       |     1 |     1 ||     2
Evoke: Wand              |       |       |       |    33 ||    33
       Phantom mirror    |       |       |       |     1 ||     1
  Use: Scroll            |       |     8 |    10 |     6 ||    24
       Potion            |       |       |       |     1 ||     1
 Stab: Distracted        |       |       |       |     1 ||     1
  Eat: Chunk             |     4 |     5 |    10 |    16 ||    35
       Ration            |       |     3 |     5 |     9 ||    17
Armor: Animal skin       |    18 |     2 |       |       ||    20
       Plate armour      |       |   123 |   173 |   319 ||   615
Dodge: Dodged            |    83 |    52 |   123 |   228 ||   486
Block: Buckler           |       |    19 |   151 |   336 ||   506
